AoeStats
← Sanzo1405

Arabia

509958945Analyzed
1v1 RM · 4d ago on Sep 28, 2026· 50m 30s· 2 players
Game mode
Random Map
Map size
Tiny (2 player)
Population
200
Speed
Normal
Resources
Standard
Victory
Conquest
Starting age
Dark Age
Ending age
Imperial Age
RankedLock teamsTeams togetherTeam positionsShared explorationLock speedFull tech treeHidden civsTurbo modeCheats
Victory
Defeat
🇪🇸 Franks · Spain
1244
+15
🇦🇷 Vikings · Argentina
1229
-15
Theviejo
6:57 Loom
9:16 Feudal Age
9:22 Man-at-Arms
12:14 Double-Bit Axe
18:43 Fletching
22:06 Castle Age
21:57 Padded Archer Armor
21:54 Gold Mining
22:11 Crossbowman
22:46 Bodkin Arrow
23:26 Bow Saw
23:51 Leather Archer Armor
24:17 Pikeman
26:42 Ballistics
29:50 Town Watch
36:59 Imperial Age
35:23 Stone Mining
36:08 Gold Shaft Mining
37:42 Bracer
38:45 Chemistry
37:55 Masonry
38:44 Scale Barding Armor
38:50 Forging
38:38 Cavalier
39:08 Horse Collar
42:42 Chain Barding Armor
42:57 Iron Casting
43:07 Gold Shaft Mining
43:52 Iron Casting
47:07 Blast Furnace
46:07 Scale Mail Armor
49:31 Chain Mail Armor
Sanzo1405
6:08 Loom
9:08 Feudal Age
9:51 Double-Bit Axe
16:39 Scale Barding Armor
17:28 Wheelbarrow
22:13 Castle Age
21:15 Padded Archer Armor
21:05 Fletching
21:12 Gold Mining
23:39 Elite Skirmisher
24:40 Husbandry
24:53 Bodkin Arrow
26:02 Bow Saw
29:01 Gold Shaft Mining
28:49 Leather Archer Armor
30:42 Town Watch
31:34 Hand Cart
32:42 Stone Mining
35:21 Ballistics
37:51 Imperial Age
36:14 Chain Barding Armor
37:20 Forging
37:44 Masonry
40:39 Chemistry
40:18 Architecture
39:29 Cavalier
40:49 Iron Casting
40:25 Ordonnance Companies
41:33 Conscription
41:20 Chivalry
43:16 Paladin
45:21 Plate Barding Armor
46:13 Blast Furnace
48:42 Heavy Scorpion
Connection lost

Rejoining the realm…

Still unreachable

The connection could not be restored.

Session expired

The server has moved on; the page needs a fresh start.